 Dungeon Crawl Stone Soup version 0.27.0-1-g7a089689b8 (webtiles) character file.

Game seed: 11906223773271190667

174 sanka the Magician (level 5, 0/40 HPs)
             Began as a Djinni Fighter on Aug 5, 2021.
             Shot with a bolt by something (6 damage)
             ... in a sewer.
             The game lasted 00:03:49 (2427 turns).

sanka the Magician (Djinni Fighter)                 Turns: 2427, Time: 00:03:50

Health: 0/40       AC:  6    Str: 15    XL:     5   Next: 84%
Gold:   66         EV:  6    Int: 11    God:
                   SH:  8    Dex: 12

rFire    + + .     SeeInvis .   k - +0 dagger (venom)
rCold    x . .     Faith    .   c - +0 kite shield
rNeg     . . .     Spirit   .   b - +0 scale mail
rPois    ∞         Reflect  .   (no helmet)
rElec    .         Harm     .   (no cloak)
rCorr    .         Rampage  .   (no gloves)
Will     .....                  (boots unavailable)
Stlth    ..........             (no amulet)
HPRegen  0.13/turn              (no ring)
MPRegen  0.00/turn              (no ring)

@: flying
A: sickness immunity, fire resistance 2, cold vulnerability 1, float, innate
caster, hp casting, extra vitality 1
a: no special abilities


You were in a sewer.
You visited 1 branch of the dungeon, and saw 3 of its levels.
You also visited: Sewer.

You collected 66 gold pieces.


Innate Abilities, Weirdness & Mutations

You are immune to sickness and miasma.
You are immune to poison.
Your flesh is very heat resistant. (rF++)
You are vulnerable to cold. (rC-)
You float through the air rather than walking.
You learn spells naturally, not from books.
Your magical power is your life essence.
You have superior vitality. (+4 HP)


   Skills:
 - Level 3.0 Fighting
 - Level 3.0 Long Blades
 - Level 3.0 Armour
 - Level 3.0 Shields
 + Level 3.2 Spellcasting


You had 7 spell levels left.
You knew the following spells:

 Your Spells              Type           Power      Damage    Failure   Level
z - Sting                 Tmut/Pois      32%        1d4       77%         1
N - Passwall              Tmut/Erth      6%         N/A       88%         2
Your spell library was empty.

Inventory:

Hand Weapons
 a - a +0 long sword
 k - a +0 dagger of venom (weapon)
Missiles
 l - 15 poisoned darts (quivered)
Armour
 b - a +0 scale mail (worn)
 c - a +0 kite shield (worn)
Magical Staves
 o - a staff of fire
Scrolls
 e - 2 scrolls of magic mapping {unknown}
 f - 3 scrolls of identify {unknown}
 i - a scroll of silence {unknown}
 m - a scroll of noise {unknown}
 n - 2 scrolls of teleportation {unknown}
 p - a scroll of brand weapon {unknown}
 r - a scroll of acquirement {unknown}
Potions
 d - 2 potions of might
 g - 2 potions of brilliance {unknown}
 h - 2 potions of berserk rage {unknown}
 j - 2 potions of heal wounds {unknown}
 q - a potion of curing {unknown}
 s - a potion of haste {@q3}
 t - a potion of magic {unknown}
 u - 3 potions of invisibility

Dungeon Overview and Level Annotations

Branches:
Dungeon (3/15)              Sewer (1/1)

Altars:

▒...▒.......
▒▒▒▒▒▒▒▒▒▒...▒......r
▒▒▒▒▒▒......▒▒............
▒....▒....................
▒..!.)≈≈.≈.......≈P≈P.....
▒?∩!.'≈≈≈≈.f.≈≈≈P≈≈≈≈≈P≈≈.
▒....▒≈P≈P...P≈P≈≈≈≈≈≈≈≈≈.
▒▒▒▒▒▒≈▒▒▒▒▒▒▒▒▒▒≈≈≈≈▒▒▒▒▒
▒≈≈≈≈≈R≈≈≈{≈≈≈≈≈≈≈≈≈≈≈≈
▒≈≈≈≈≈≈≈≈≈≈≈≈≈≈≈≈≈≈≈≈≈≈
▒≈≈≈≈≈≈≈≈≈≈≈≈≈≈≈≈≈≈≈≈≈≈
▒▒▒▒▒▒▒▒▒▒▒▒▒▒≈▒▒▒▒▒▒▒≈▒≈▒
▒....▒≈≈≈.≈≈≈≈{P≈P..P≈≈P≈≈
▒.∩.))≈≈....≈≈≈≈≈≈...≈P≈≈≈
▒...)'.≈≈...P≈≈.......≈.P.
▒...)▒....................
▒▒▒▒▒▒▒...................


There were no monsters in sight!


Message History

The ball python constricts you.
You closely miss the ball python. The ball python bites you.
* * * LOW HITPOINT WARNING * * *
The ball python constricts you. You block the ball python's attack.
The ball python constricts you.
You escape the ball python's grasp.
A kobold comes into view. It is wielding a +0 dagger.
You kill the ball python!
The kobold shouts!
A kobold is nearby!
The kobold unwields a +0 dagger.
The kobold wields a +0 hand crossbow.
The kobold shoots a bolt.
You block the bolt.
The kobold drinks a potion.
The kobold flickers and vanishes!
Deactivating autopickup; reactivate with Ctrl-A.
A bolt appears from out of thin air!
The bolt hits you but does no damage.
A bolt appears from out of thin air!
You block the bolt.
A bolt appears from out of thin air!
The bolt hits you.
* * * LOW HITPOINT WARNING * * *
There is a strange disturbance nearby!
A bolt appears from out of thin air!
The bolt hits you.
You die...

Action                   |  1- 3 |  4- 6 || total
-------------------------+-------+-------++-------
Melee: Long sword        |    70 |   104 ||   174
       Dagger            |       |    23 ||    23
Armor: Scale mail        |    35 |    70 ||   105
Dodge: Dodged            |    20 |    42 ||    62
Block: Kite shield       |    37 |    76 ||   113
       Rpst.: Long sword |     6 |    12 ||    18

Levels and vault maps discovered:
D:1:      psy_arrival_spokes, layout_basic,
          chequers_ecumenical_altar_simple_redux
D:2:      layout_loops_cross, minmay_statues_item, hex_large
D:3:      layout_basic, mainiacjoe_overflow_surrounded_room,
          portal_sewer_entry_a, nrook_loot_triangle
Sewer:    kennysheep_pipe_town

Notes
Turn   | Place    | Note
-------+----------+-------------------------------------------
     0 | D:1      | sanka the Djinni Fighter began the quest for the Orb.
     0 | D:1      | Reached XP level 1. HP: 20/20 MP: 0/0
    44 | D:1      | Reached skill level 2 in Long Blades
   110 | D:1      | Reached XP level 2. HP: 18/25 MP: 0/0
   241 | D:1      | Found a faded altar of an unknown god.
   635 | D:1      | Reached XP level 3. HP: 30/30 MP: 0/0
   635 | D:1      | Learned a level 1 spell: Sting
   743 | D:1      | Reached skill level 3 in Long Blades
  1133 | D:2      | Reached skill level 1 in Spellcasting
  1256 | D:2      | Reached XP level 4. HP: 35/35 MP: 0/0
  1782 | D:3      | Reached skill level 2 in Spellcasting
  1816 | D:3      | Found a glowing drain.
  1868 | Sewer    | Entered a sewer
  2112 | Sewer    | Reached XP level 5. HP: 40/40 MP: 0/0
  2112 | Sewer    | Learned a level 2 spell: Passwall
  2123 | Sewer    | Noticed a kobold brigand
  2380 | Sewer    | Killed a kobold brigand
  2381 | Sewer    | Reached skill level 3 in Spellcasting
  2407 | Sewer    | HP: 3/40 [something (5)]
  2427 | Sewer    | Shot with a bolt by something

Vanquished Creatures
  A kobold brigand (Sewer)
  3 adders (D:2)
  2 worms
  3 dart slugs
  An orc (D:2)
  7 ball pythons
  5 endoplasms
  6 giant cockroaches
  4 goblins
  2 hobgoblins (D:2)
  A quokka (D:1)
  5 bats
  A frilled lizard (Sewer)
  15 kobolds
  10 rats
66 creatures vanquished.

Vanquished Creatures (others)
  5 plants (Sewer)
5 creatures vanquished.

Grand Total: 71 creatures vanquished
